 Dungeon Crawl Stone Soup version 0.30-a0-782-ge64f9170bb (webtiles) character file.

Game seed: 15749992144066428373

97 vineage the Trooper (level 4, 26/32 HPs)
             Began as a Gargoyle Fighter on Feb 24, 2023.
             Quit the game on level 3 of the Dungeon.
             The game lasted 00:02:42 (2077 turns).

vineage the Trooper (Gargoyle Fighter)              Turns: 2077, Time: 00:02:42

Health: 26/32      AC: 12    Str: 22    XL:     4   Next: 68%
Magic:  2/4        EV:  9    Int:  8    God:
Gold:   176        SH:  4    Dex:  9    Spells: 3/3 levels left

rFire   . . .      SeeInvis .    e - +2 short sword (speed)
rCold   . . .      Faith    .    c - +0 buckler
rNeg    + . .      Spirit   +    b - +0 scale mail
rPois   ∞          Reflect  .    l - +2 hat
rElec   +          Harm     .    (no cloak)
rCorr   .          Rampage  .    (no gloves)
Will    .....      Rnd*Tele +    (no boots) Stlth
                                 h - amulet of guardian spirit
HPRegen 0.25/turn                (no ring)
MPRegen 0.09/turn                (no ring)

@: flying
A: sickness immunity, AC +3, negative energy resistance 1, electricity
resistance, torment resistance 1, petrification resistance, big wings,
teleportitis 1, inability to read after injury 1, devolution 1
a: no special abilities


You were on level 3 of the Dungeon.
You visited 1 branch of the dungeon, and saw 3 of its levels.

You collected 176 gold pieces.

Inventory:

Hand Weapons
 a - a +0 flail of protection
 e - a +2 short sword of speed (weapon)
Armour
 b - a +0 scale mail (worn)
 c - a +0 buckler (worn)
 l - a +2 hat (worn)
Jewellery
 h - an amulet of guardian spirit (around neck)
Potions
 d - a potion of might
 g - a potion of heal wounds {unknown}
 i - 2 potions of resistance
 j - a potion of curing {unknown}
 m - a potion of haste {unknown}
 p - a potion of experience {unknown}


   Skills:
 * Level 5.7 Fighting
 - Level 2.1 Maces & Flails
 - Level 3.2 Armour
 - Level 3.2 Shields


You had 3 spell levels left.
You didn't know any spells.
Your spell library was empty.

Dungeon Overview and Level Annotations

Branches:
Dungeon (3/15)

Altars:

Annotations:
D:3 3 runed translucent doors, Glaciallarry's ghost, amateur HuWn


Innate Abilities, Weirdness & Mutations

You are immune to sickness and miasma.
Your stone body is resilient. (AC +3)
You are immune to poison.
You resist negative energy. (rN+)
You are resistant to electric shocks. (rElec)
You are resistant to unholy torment.
You are immune to petrification.
Your large and strong wings let you fly.
You are occasionally teleported next to monsters.
You occasionally lose the ability to read scrolls when taking damage.
You have hidden genetic defects.


Message History

You see here a +2 dagger of electrocution.
Found an escape hatch in the ceiling.
An endoplasm comes into view.
The endoplasm quivers.
An endoplasm is nearby!
An endoplasm is nearby!
There is an escape hatch in the ceiling here.
The endoplasm hits you but does no damage.
You hit the endoplasm.
The endoplasm is heavily wounded.
The endoplasm freezes you.
You are frozen.
You barely miss the endoplasm.
The endoplasm is heavily wounded.
You barely miss the endoplasm.
The endoplasm is heavily wounded.
The endoplasm freezes you.
You are frozen.
You barely miss the endoplasm.
The endoplasm is heavily wounded.
The endoplasm freezes you.
You are frozen.
You hit the endoplasm.
The endoplasm is severely wounded.
You hit the endoplasm.
You kill the endoplasm!
No target in view!
No target in view!
Really quaff the potion of mutation?
You feel extremely strange.
Your body twists and deforms.
You feel less encumbered by your armour.
Really quaff the potion of mutation?
You feel extremely strange.
You feel more encumbered by your armour.
Your body's shape seems more normal.
You feel weirdly uncertain.
You occasionally lose the ability to read scrolls when taking damage.
You feel a hidden malignance growing inside you.
Your wings grow larger and stronger.
Are you sure you want to abandon this character and quit the game? (Confirm with "yes".)

.....#....#..#.......>#÷.
........###.####..#..#..#
....#......# #.......##
...##.###..####.###.....
.# #.###..##†..# #..###
####.#......)######.###
#.........##...........
#.........#............
#.....@.<...####..##...
#.........### ## #.
####.####.# #. #. ..# # .
#### .. (.8. #. .....( ##
..♣$.. ....(.


There were no monsters in sight!

Vanquished Creatures
  2 adders (D:2)
  A shadow imp (D:3)
  A worm (D:2)
  4 dart slugs
  8 bats
  5 endoplasms
  A giant cockroach (D:1)
  4 hobgoblins
  8 kobolds
  4 quokkas
  6 ball pythons
  4 frilled lizards
  3 goblins
  7 rats
58 creatures vanquished.

Vanquished Creatures (others)
  A plant (D:1)
1 creature vanquished.

Grand Total: 59 creatures vanquished

Notes
Turn   | Place    | Note
-------+----------+-------------------------------------------
     0 | D:1      | vineage the Gargoyle Fighter began the quest for the Orb.
     0 | D:1      | Reached XP level 1. HP: 14/14 MP: 1/1
   102 | D:1      | Reached XP level 2. HP: 20/20 MP: 2/2
   178 | D:1      | Reached skill level 4 in Fighting
   350 | D:1      | Reached XP level 3. HP: 23/24 MP: 3/3
  1147 | D:2      | Reached skill level 5 in Fighting
  1276 | D:2      | Found a faded altar of an unknown god.
  1338 | D:2      | Reached XP level 4. HP: 31/31 MP: 4/4
  1728 | D:3      | Found a runed translucent gate.
  1728 | D:3      | Found a runed translucent gate.
  1728 | D:3      | Found a runed translucent gate.
  1729 | D:3      | Noticed Glaciallarry's ghost (amateur HuWn)
  2075 | D:3      | Gained mutation: Armour fits poorly on your strangely
                  | shaped body. [potion of mutation]
  2075 | D:3      | Gained mutation: Your movements are slightly less
                  | encumbered by armour. (ER -2) [potion of mutation]
  2076 | D:3      | Lost mutation: Your movements are slightly less encumbered
                  | by armour. (ER -2) [potion of mutation]
  2076 | D:3      | Lost mutation: Armour fits poorly on your strangely shaped
                  | body. [potion of mutation]
  2076 | D:3      | Gained mutation: You are occasionally teleported next to
                  | monsters. [potion of mutation]
  2076 | D:3      | Gained mutation: You occasionally lose the ability to read
                  | scrolls when taking damage. [potion of mutation]
  2076 | D:3      | Gained mutation: You have hidden genetic defects. [potion
                  | of mutation]
  2076 | D:3      | Gained mutation: Your large and strong wings let you fly.
                  | [potion of mutation]
  2077 | D:3      | Quit the game

Illustrated notes

Levels and vault maps discovered:
D:1:      sevenhm_arrival_forest_fort_large_2, layout_basic, serial_bayou_pond_a
D:2:      layout_loops_ring, basic_ecumenical_altar
D:3:      layout_rooms, ebering_ghost_rock_garden, uniq_natasha

Skill      XL: |  1  2  3 |
---------------+----------+-----
Fighting       | 4 5 |  5.7
Maces & Flails | |  2.1
Armour         | |  3.2
Shields        | |  3.2

Action                     |  1- 3 |  4- 6 || total
---------------------------+-------+-------++-------
  Melee: Flail             |    10 |       ||    10
         Short sword       |   137 |    98 ||   235
    Use: Scroll            |     4 |     6 ||    10
         Potion            |       |     2 ||     2
 Armour: Scale mail        |    55 |    41 ||    96
  Dodge: Dodged            |    40 |    38 ||    78
  Block: Buckler           |    19 |    13 ||    32

Table legend: (Time is in decaauts)
 A = Elapsed time spent in this place.
 B = Non-inter-level travel time spent in this place.
 C = Inter-level travel time spent in this place.
 D = Time resting spent in this place.
 E = Time spent auto-exploring this place.
 F = Levels seen in this place.
 G = Mean time per level.
                   A        B        C        D        E       F      G
               +--------+--------+--------+--------+--------+-----+--------+
         Total |   2002 |   1928 |     74 |    129 |   1427 |   3 |  667.3 |
       Dungeon |   2002 |   1928 |     74 |    129 |   1427 |   3 |  667.3 |
               +--------+--------+--------+--------+--------+-----+--------+

Top non-repeatable levels by time:
     D:2: 970 daAuts
     D:1: 661 daAuts
     D:3: 370 daAuts
